 Dungeon Sprint DCSS version 0.31.0-32-g396128a36d (webtiles) character file.

Game seed: 628383125097109077

5143 boopmooplesden the Stickfighter (level 10, -10/103 HPs)
             Began as a Minotaur Gladiator on Mar 22, 2024.
             Was a Priest of Trog.
             Mangled by a yaktaur captain (13 damage)
             ... in the Dungeon (Sprint II: "The Violet Keep of Menkaure").
             The game lasted 00:05:29 (1742 turns).

boopmooplesden the Stickfighter (MiGl)              Turns: 1742, Time: 00:05:29

Health: -10/103    AC: 17    Str: 27    XL:     10   Next: 33%
Magic:  0/9        EV: 15    Int:  5    God:    Trog [***...]
Gold:   6          SH:  0    Dex: 12    Spells: 9/9 levels left

rFire   . . .        a - +0 quarterstaff
rCold   + . .        (shield currently unavailable)
rNeg    + . .        l - +5 scale mail of Follow the Leader {rPois}
rPois   +            c - +0 hat
rElec   .            n - scarf of the Sailor {+Inv, Rampage rN+}
rCorr   .            m - +2 pair of gloves {infuse}
SInv    .            (no boots)
Will    .....        h - amulet of Pexilim {RegenMP Fly rPois} Stlth
                     p - ring of Xetti {rC+ Str+4}
HPRegen 0.37/turn    (no ring)
MPRegen 0.51/turn

%: no teleportation, rampage
@: on berserk cooldown, flying, slowed, very slow
A: horns 2, retaliatory headbutt
a: Renounce Religion, Evoke Invisibility, Berserk, Trog's Hand


You were in the Dungeon.
You worshipped Trog.
Trog was most pleased with you.
You visited 1 branch You collected 1459 gold pieces.
You spent 1453 gold pieces at shops.

Inventory:

Hand Weapons
 a - a +0 quarterstaff (weapon)
Missiles
 d - 3 throwing nets (quivered)
 e - 7 javelins
Armour
 b - a +0 leather armour
 c - a +0 hat (worn)
 l - the +5 scale mail of Follow the Leader (worn) {rPois}
   (You bought it in a shop in the Dungeon)

   rPois:     It protects you from poison
 m - a +2 pair of gloves of infusion (worn)
 n - the scarf of the Sailor (worn) {+Inv, Rampage rN+}
   (You bought it in a shop in the Dungeon)

   rN+:       It protects you from negative energy.
   Rampage:   It bestows one free step when moving towards enemies.
Jewellery
 h - the amulet of Pexilim (around neck) {RegenMP Fly rPois}
   (You bought it in a shop in the Dungeon)

   [amulet of magic regeneration]

   RegenMP:   It increases your rate of magic regeneration.
   rPois:     It protects you from poison Fly: It grants you flight.
 p - the ring of Xetti (left hand) {rC+ Str+4}
   (You found it in the Dungeon)

   [ring of protection from cold]

   Str+4:     It affects your strength (+4).
   rC+:       It protects you from cold.
Scrolls
 k - a scroll of blinking
 o - a scroll of fog
 q - a scroll of revelation
 w - a scroll of torment
Potions
 f - 4 potions of curing
 g - 2 potions of heal wounds
 i - 6 potions of magic
 j - 2 potions of lignification
 r - 4 potions of resistance
 s - 3 potions of enlightenment
 t - a potion of ambrosia
 u - a potion of berserk rage
 v - a potion of degeneration {unknown}


   Skills:
 + Level 14.0 Fighting
 + Level 19.1 Staves
 + Level 4.9 Throwing
 + Level 11.2 Armour
 + Level 12.1 Dodging


You had 9 spell levels left.
You didn't know any spells.
Your spell library was empty.

Dungeon Overview and Level Annotations

Branches:
Dungeon (1/1)

Altars:
Cheibriados
Dithmenos
Elyvilon
Fedhas
Gozag
Hepliaklqana
Kikubaaqudgha
Makhleb
Nemelex Xobeh
Okawaru
Qazlal
Ru
Sif Muna
Trog
Uskayaw
Vehumet
Wu Jian
Xom
Yredelemnul
Zin
The Shining One
Jiyva
Lugonu

Shops:
D :[[![??==:::(![

Annotations:
D exclusions: obsidian statue and oklob plant, Roxanne


Innate Abilities, Weirdness & Mutations

You have a pair of horns on your head.
You reflexively headbutt those who attack you in melee.


Message History

You bludgeon the kobold demonologist!!
The kobold demonologist is almost dead.
The kobold demonologist gestures wildly while chanting.
You bludgeon the kobold demonologist!!
You kill the kobold demonologist!
Trog accepts your kill.
Trog appreciates your killing of a magic user.
The quasit disappears in a puff of smoke!
The iron imp disappears in a puff of smoke!
The yaktaur captain wields a +0 arbalest.
The yaktaur captain shoots a bolt.
The bolt hits you!
Your Fighting skill increases to level 14!
Your Staves skill increases to level 19!
The yaktaur captain unwields a +0 arbalest.
The yaktaur captain hits you.
There is an open door, spattered with blood here.
Items here: )) [ ††.
You bludgeon the yaktaur captain!! You headbutt the yaktaur captain!
The yaktaur captain is moderately wounded.
The yaktaur captain hits you!
You sock the yaktaur captain!
Your headbutt misses the yaktaur captain.
The yaktaur captain is heavily wounded.
The yaktaur captain hits you!
You hit the yaktaur captain. You headbutt the yaktaur captain.
The yaktaur captain is heavily wounded.
The yaktaur captain hits you!
* * * LOW HITPOINT WARNING * * *
You hit the yaktaur captain.
The yaktaur captain is heavily wounded.
The yaktaur captain hits you!
* * * LOW HITPOINT WARNING * * *
You hit the yaktaur captain.
The yaktaur captain is heavily wounded.
The yaktaur captain hits you!
* * * LOW HITPOINT WARNING * * *
You sock the yaktaur captain!
The yaktaur captain is severely wounded.
The yaktaur captain hits you!
You die...

+******+**,,****+####,,,,,,,,*,,,
∩∩∩∩∩∩*,,+,**≈≈≈§≈≈≈##⌠,,,,*+***,
∩∩∩∩∩∩*,,***~~≈≈≈§≈≈≈##,,,,*,,*▓▓
********,,+~~~≈§≈≈≈§≈≈#*++**,,,+.
,,,**,,K***#~~≈SS≈≈≈≈**~,,^***,#.
,,,,*,,z@.~##~~SSS≈~**,~^,,,,**#°
##########~~#+++#+++##***,,,,*,*#
#########~~~....c....#,,+,,,,*,,#
.......∩#~~~~.##@##..#,,***#.*,,#
....∩.∩.#~~~~##...##.####h!+.##.#
...∩.∩..#~~~~#.)#..#....#$h#...##
..∩.∩...#~~####.§.####..#####..##
.⌠.∩....#~##.###'###.##..#YY+..#.
..∩.∩...#~##..##.##...#..#Y$#..#)
...∩.∩..'~'.##'.<.'##.'..####..##
....∩.∩.#~##..##.##.###....###...
▓▓▓▓▓▓###~##.###'###.##......~~~~


You could see a yaktaur captain and 5 electric eels.

Vanquished Creatures
  Kirke (D)
  A skeletal warrior (D)
  2 deep trolls (D)
  A merfolk siren (D)
  A kobold demonologist (D)
  A yaktaur (D)
  3 polar bears (D)
  A hornet (D)
  A vampire mosquito (D)
  4 crocodiles (D)
  4 necrophages (D)
  4 scorpions (D)
  3 ribbon worms (D)
27 creatures vanquished.

Vanquished Creatures (others)
  Menkaure (D)
  A crocodile (D)
  16 tentacles (D)
18 creatures vanquished.

Grand Total: 45 creatures vanquished

Notes
Turn   | Place    | Note
-------+----------+-------------------------------------------
     0 | D        | boopmooplesden the Minotaur Gladiator began the quest for
                  | the Orb.
     0 | D        | Reached XP level 1. HP: 18/18 MP: 0/0
     8 | D        | Reached skill level 4 in Staves
    22 | D        | Reached XP level 2. HP: 8/26 MP: 1/1
    77 | D        | Killed Menkaure
   156 | D        | Noticed a merfolk siren
   176 | D        | Killed a merfolk siren
   177 | D        | Reached skill level 11 in Staves
   177 | D        | Reached skill level 1 in Armour
   177 | D        | Reached XP level 3. HP: 38/38 MP: 2/2
   177 | D        | Reached XP level 4. HP: 45/45 MP: 3/3
   177 | D        | Reached XP level 5. HP: 51/51 MP: 4/4
   177 | D        | Reached XP level 6. HP: 58/58 MP: 5/5
   202 | D        | Reached skill level 12 in Staves
   215 | D        | Reached XP level 7. HP: 38/66 MP: 6/6
   356 | D        | Reached skill level 13 in Staves
   357 | D        | Reached skill level 10 in Dodging
   621 | D        | Found Neeted's Distillery.
   621 | D        | Found Luaffeel's Book Shoppe.
   621 | D        | Found Wathaczoppu's Jewellery Emporium.
   621 | D        | Found Woanyps's Jewellery Shoppe.
   621 | D        | Found Wenuij's Book Shoppe.
   621 | D        | Found Jokhlar's Magic Scroll Emporium.
   622 | D        | Found Necwe Etymm's Antique Armour Shoppe.
   622 | D        | Found Qymul's Distillery.
   622 | D        | Found Dazal's Antique Weapon Shoppe.
   622 | D        | Found Halyon's Armour Shoppe.
   623 | D        | Found Yrchirig's Antique Armour Shoppe.
   623 | D        | Found Wuixkon's Book Shoppe.
   623 | D        | Found Atibu's Magic Scroll Emporium.
   623 | D        | Found Xumnext's Antique Armour Emporium.
   640 | D        | Reached skill level 14 in Staves
   644 | D        | Noticed a vampire mosquito
   658 | D        | Killed a vampire mosquito
   857 | D        | Noticed an oklob plant
   858 | D        | Found Hiymyudd's Book Shoppe.
   865 | D        | Bought the +5 scale mail of Follow the Leader {rPois} for
                  | 562 gold pieces
   880 | D        | Noticed a manticore
   882 | D        | Bought a pair of glowing gloves for 172 gold pieces
   887 | D        | Noticed a manticore
   889 | D        | Bought an ichor-stained scarf for 200 gold pieces
   889 | D        | Identified the scarf of the Sailor {+Inv, Rampage rN+} (You
                  | bought it in a shop in the Dungeon)
   922 | D        | Found a glowing golden altar of the Shining One.
   922 | D        | Found an ornate altar of the Wu Jian Council.
   922 | D        | Found a stormy altar of Qazlal.
   923 | D        | Found a shimmering altar of Xom.
   923 | D        | Found a sacrificial altar of Ru.
   923 | D        | Found a hazy altar of Hepliaklqana.
   924 | D        | Found a basalt altar of Yredelemnul.
   924 | D        | Found a shimmering blue altar of Sif Muna.
   924 | D        | Found a viscous altar of Jiyva.
   925 | D        | Found a glowing silver altar of Zin.
   925 | D        | Found a bloodstained altar of Trog.
   925 | D        | Found an ancient bone altar of Kikubaaqudgha.
   925 | D        | Found a snail-covered altar of Cheibriados.
   926 | D        | Found a hide-covered altar of Uskayaw.
   926 | D        | Found a corrupted altar of Lugonu.
   926 | D        | Found a shadowy altar of Dithmenos.
   927 | D        | Found a radiant altar of Vehumet.
   927 | D        | Found a burning altar of Makhleb.
   927 | D        | Found a white marble altar of Elyvilon.
   928 | D        | Found a sparkling altar of Nemelex Xobeh.
   928 | D        | Found a blossoming altar of Fedhas.
   929 | D        | Found an iron altar of Okawaru.
   929 | D        | Found an opulent altar of Gozag.
   929 | D        | Noticed a polar bear
   943 | D        | Killed a polar bear
   944 | D        | Reached XP level 8. HP: 5/78 MP: 1/7
  1238 | D        | Noticed a yaktaur
  1238 | D        | Noticed a hornet
  1238 | D        | Noticed a polar bear
  1238 | D        | Noticed a polar bear
  1243 | D        | Killed a polar bear
  1244 | D        | Reached skill level 10 in Fighting
  1244 | D        | Reached skill level 15 in Staves
  1253 | D        | Killed a hornet
  1254 | D        | Reached skill level 5 in Armour
  1258 | D        | Killed a polar bear
  1259 | D        | Reached skill level 16 in Staves
  1264 | D        | Killed a yaktaur
  1265 | D        | Reached XP level 9. HP: 89/89 MP: 0/8
  1280 | D        | Became a worshipper of Trog the Wrathful
  1291 | D        | Noticed a kraken
  1312 | D        | Reached * piety under Trog
  1450 | D        | Noticed a deep troll
  1450 | D        | Noticed a deep troll
  1456 | D        | Killed a deep troll
  1457 | D        | Reached skill level 17 in Staves
  1463 | D        | Killed a deep troll
  1464 | D        | Reached skill level 18 in Staves
  1561 | D        | Noticed a hell hog
  1561 | D        | Noticed a hell hog
  1634 | D        | Bought the amulet of Pexilim {RegenMP Fly rPois} for 519
                  | gold pieces
  1650 | D        | Noticed Roxanne
  1658 | D        | Noticed an obsidian statue
  1664 | D        | Identified the ring of Xetti {rC+ Str+4}
  1694 | D        | Noticed Kirke
  1694 | D        | Noticed a skeletal warrior
  1694 | D        | Noticed a kobold demonologist
  1714 | D        | Killed Kirke
  1714 | D        | Reached ** piety under Trog
  1715 | D        | Reached skill level 10 in Armour
  1715 | D        | Reached XP level 10. HP: 101/101 MP: 3/9
  1724 | D        | Killed a skeletal warrior
  1725 | D        | Noticed a yaktaur captain
  1735 | D        | Reached *** piety under Trog
  1736 | D        | Reached skill level 19 in Staves
  1741 | D        | HP: 3/103 [yaktaur captain (8)]
  1742 | D        | Mangled by a yaktaur captain

Illustrated notes

Levels and vault maps discovered:
D:        the_violet_keep_of_menkaure [sprint2_stairs_cluster_1,
          sprint2_shoproom, sprint2_temple, sprint2_basic_supplies,
          sprint2_obstacle_6, sprint2_obstacle_3, sprint2_obstacle_7,
          sprint2_obstacle_1, sprint2_obstacle_5, sprint2_timed_cluster_1,
          sprint2_smallroom_cluster_1, sprint2_smallroom_final_cluster_1,
          sprint2_transparent_cluster_1, sprint2_second_timed_cluster_1,
          sprint2_sniper_area_1, sprint2_heavy_combat_area_1,
          sprint2_mutation_trap_area_1, sprint2_forest_area_1,
          sprint2_light_combat_area_1, sprint2_behind_water_1,
          sprint2_near_end_vault_1]

Skill      XL: |  1  2  3  4  5  6  7  8  9 10 |
---------------+-------------------------------+-----
Staves         | 4 11 12 14 16 18 19 | 19.1
Dodging        | 4 8 9 10 11 12 | 12.1
Fighting       | 3 6 7 9 11 13 14 | 14.0
Throwing       | 4 |  4.9
Armour         | 1 2 3 6 10 11 | 11.2

Action                     |  1- 3 |  4- 6 |  7- 9 | 10-12 || total
---------------------------+-------+-------+-------+-------++-------
  Melee: Quarterstaff      |    32 |    24 |   111 |    22 ||   189
         Headbutt          |     2 |     4 |    16 |     6 ||    28
 Invoke: Berserk           |       |       |     2 |       ||     2
    Use: Potion            |     1 |       |     2 |       ||     3
         Scroll            |       |       |     8 |       ||     8
 Armour: Leather armour    |     4 |     9 |    11 |       ||    24
         Scale mail        |       |       |    45 |    13 ||    58
  Dodge: Dodged            |     2 |     7 |    74 |     2 ||    85
